 Dungeon Crawl Stone Soup version 0.18.1-50-g88ac8fd (webtiles) character file.

131485 Chiseanne the Imperceptible (level 16, -3/75 HPs)
             Began as a Spriggan Assassin on Mar 28, 2017.
             Was an Initiate of Gozag.
             Slain by a great orb of eyes (17 damage)
             ... while paralysed by a great orb of eyes
             ... on level 2 of the Vaults on Mar 29, 2017.
             The game lasted 03:04:42 (40381 turns).

Chiseanne the Imperceptible (Spriggan Assassin)    Turns: 40381, Time: 03:04:42

Health: -3/75      AC: 11    Str:  7    XL:     16   Next: 25%
Magic:  0/17       EV:  4    Int: 14    God:    Gozag
Gold:   2331       SH:  0    Dex: 26    Spells: 0 memorised, 15 levels left

rFire  + . .     SeeInvis +     s - +9 rapier of the Valley of Death {flame, +Fly MR- Dex+3}
rCold  + + .     Gourm    .     x - +2 robe of Suypiosi {rN++}
rNeg   + + .     Faith    .     (shield restricted)
rPois  +         Spirit   +     W - +2 hat
rElec  .         Dismiss  .     S - +2 cloak {rPois}
rCorr  .         Reflect  .     (gloves unavailable)
SustAt .         Harm     .     (boots unavailable)
MR     +....                    y - amulet of guardian spirit
Stlth  ++++......               D - ring of protection from cold
                                t - ring of protection from fire

@: confused, paralysed, very quick, somewhat resistant to hostile enchantments,
stealthy
A: unfitting armour, slimy green scales 1, see invisible, cold resistance 1,
herbivore 3, speed 3, slow metabolism 2
a: Potion Petition, Call Merchant, Bribe Branch, Renounce Religion, Evoke Flight
}: 1/15 runes: decaying


You were on level 2 of the Vaults.
You worshipped Gozag.
Gozag was noncommittal.
You were full.

You visited 5 branches of the dungeon, and saw 30 of its levels.
You also visited: Labyrinth, Bailey and Wizlab.

You collected 17774 gold pieces.
You spent 4523 gold pieces at shops.
You paid 10920 gold pieces to Gozag.

Inventory:

Hand Weapons
 a - a +5 short sword of venom
 d - the +9 long sword of the Unliving {freeze, rElec rPois Str+5 Stlth+}
   (You bought it in a shop on level 10 of the Dungeon)

   It has been specially enchanted to freeze those struck by it, causing extra
   injury to most foes and up to half again as much damage against particularly
   susceptible opponents.
   It can also slow down cold-blooded creatures.
   It affects your strength (+5).
   It insulates you from electricity.
   It protects you from poison.
   It makes you more stealthy.
 e - a +5 hunting sling of venom
 f - the +9 falchion of the Inferno {slice, rF++ SInv}
   (You bought it in a shop on level 13 of the Dungeon)

   It inflicts extra damage upon your enemies.
   It greatly protects you from fire.
   It lets you see invisible.
 s - the +9 rapier of the Valley of Death (weapon) {flame, +Fly MR- Dex+3}
   (You bought it in a shop on level 13 of the Dungeon)

   It has been specially enchanted to burn those struck by it, causing extra
   injury to most foes and up to half again as much damage against particularly
   susceptible opponents.
   It affects your dexterity (+3).
   It affects your resistance to hostile enchantments.
   It lets you fly.
 w - a +4 blowgun
 H - a +0 quick blade of freezing
Missiles
 j - 8 needles of confusion
 l - 98 poisoned needles
 m - 580 stones
 p - 148 sling bullets
 E - 2 curare-tipped needles
 X - 3 throwing nets (quivered) {!*}
Armour
 x - the +2 robe of Suypiosi (worn) {rN++}
   (You found it on level 4 of the Dungeon)

   It greatly protects you from negative energy.
 P - the +3 robe of Clouds {+Fly rElec}
   (You took it off a Cloud Mage in a wizard's laboratory)

   It insulates you from electricity.
   It lets you fly.
 S - a +2 cloak of poison resistance (worn)
 W - a +2 hat (worn)
Jewellery
 b - the ring of Temptation {Ice +Fly rElec Int+4 Dex+2}
   (You took it off an orc warrior on level 15 of the Dungeon)

   [ring of ice]

   It enhances your ice magic, and weakens your fire magic.
   It affects your intelligence (+4).
   It affects your dexterity (+2).
   It makes you vulnerable to fire.
   It protects you from cold.
   It insulates you from electricity.
   It lets you fly.
 t - a ring of protection from fire (left hand)
 y - an amulet of guardian spirit (around neck)
 D - a ring of protection from cold (right hand)
 F - an uncursed ring of resist corrosion
Wands
 i - a wand of paralysis (4/24)
 v - a wand of digging (0/24)
 J - a wand of heal wounds (0/9)
 K - a wand of disintegration (0/24)
 N - a wand of heal wounds (0/9)
 V - a wand of teleportation (4/9)
Scrolls
 c - 11 scrolls of remove curse
 h - a scroll of blinking
 n - a scroll of immolation
 o - a scroll of identify
 z - 2 scrolls of amnesia
 C - a scroll of teleportation
 R - 2 scrolls of fear
 U - 6 scrolls of fog
 Y - 2 scrolls of silence
Potions
 q - 12 potions of flight
 r - 8 potions of curing
 u - 4 potions of might
 A - 2 potions of cancellation
 B - 5 potions of magic
 I - 4 potions of resistance
 M - a potion of invisibility
Books
 G - a book of Unlife

   Spells                             Type                      Level
   a - Recall                         Summoning/Translocation      3
   b - Animate Dead                   Necromancy                   4
   c - Control Undead                 Necromancy                   4
   d - Cigotuvi's Embrace             Necromancy                   5
   e - Death Channel                  Necromancy                   6
   f - Simulacrum                     Ice/Necromancy               6
 L - the Papyrus of the Forgotten Places
   (You found it in a wizard's laboratory)

   Spells                             Type                      Level
   a - Repel Missiles                 Charms/Air                   2
   b - Swiftness                      Charms/Air                   2
   c - Mephitic Cloud                 Conjuration/Poison/Air       3
   d - Static Discharge               Conjuration/Air              3
   e - Summon Lightning Spire         Summoning/Air                4
   f - Silence                        Hexes/Air                    5
 Z - Xosmucy's Compendium of Feathers
   (You found it in a wizard's laboratory)

   Spells                             Type                      Level
   a - Mephitic Cloud                 Conjuration/Poison/Air       3
   b - Lightning Bolt                 Conjuration/Air              5
   c - Deflect Missiles               Charms/Air                   6
   d - Poisonous Cloud                Conjuration/Poison/Air       6
   e - Tornado                        Air                          9
Miscellaneous
 Q - a lamp of fire
 T - a stone of tremors
Comestibles
 g - 14 bread rations
 k - 8 royal jellies


   Skills:
 - Level 4.4 Fighting
 - Level 10.0(11.1) Short Blades
 - Level 6.0(7.8) Long Blades
 + Level 13.4(14.4) Slings
 - Level 7.8(10.7) Throwing
 * Level 20.0 Dodging
 * Level 24.5 Stealth


You had 15 spell levels left.
You didn't know any spells.

Dungeon Overview and Level Annotations

Branches:
Dungeon (15/15)            Temple (1/1) D:4            Lair (8/8) D:10
  Swamp (4/4) Lair:5       Spider (0/4) Lair:3        Slime (0/6) Lair:6
    Orc (0/2) D:11         Vaults (2/5) D:14         Depths (0/5) D:15
  Crypt: Vaults:2-3

Altars:
Ashenzari
Cheibriados
Dithmenos
Elyvilon
Fedhas
Gozag
Kikubaaqudgha
Makhleb
Nemelex Xobeh
Okawaru
Pakellas
Qazlal
Ru
Sif Muna
Trog
Vehumet
Xom
Yredelemnul
Zin
The Shining One

Shops:
D:8 (   D:10 [%([   D:12 [   D:13 (?(   D:14 !   Vaults:1 *

Portals:
Trove: D:10 (show slimy rune of Zot)

Annotations:
D:8 Chiseanne's ghost, novice SpAs
Lair:7 exclusion: oklob plant
Swamp:2 exclusion: Roxanne, Roxanne
Swamp:4 beardedkeet's ghost, journeyman MiBe
Vaults:2 exclusion: 2 doors


Innate Abilities, Weirdness & Mutations

You are tiny and cannot use many weapons and most armour.
You have supernaturally acute eyesight.
You are a herbivore.
You cover ground extremely quickly.
You need consume almost no food.
You are partially covered in slimy green scales (AC +2).
Your flesh is cold resistant.


Message History

Drink which item? (? for menu, Esc to quit)
You feel better. The great orb of eyes gazes at you.
You suddenly lose the ability to move!
The hell hog bites you! The great orb of eyes bites you.
The hell hog bites you! The great orb of eyes bites you.
The golden eye blinks!
The hell hog bites you but does no damage.
The hell hog bites you. The golden eye blinks at you.
You are confused.
The great orb of eyes bites you!
* * * LOW HITPOINT WARNING * * *
The hell hog bites you!
* * * LOW HITPOINT WARNING * * *
The golden eye blinks at you.
You are more confused.
The great orb of eyes bites you!!
You die...
Your body crumbles into a pile of gold.

#....................
#..#################.
#..# #. #..# #. #..#
#.
#.G#################.
#..................#.
#....########......#.
#...@#)..GG.#......#.
#..hG#...HWG#.>....#.
#...H######.#......#.
#....'......#......C.
#....#).h...#......#.
#....#§⌠..§.########.
#....#.§....# #.
#....######## #.
#..### #.


You could see a sphinx, a great orb of eyes, a hell hog (invisible) and a golden
eye.

Vanquished Creatures
  A Cloud Mage (WizLab)
  Gastronok (Lair:3)
  Maud (D:13)
  A very ugly thing (Swamp:4)
  An ironheart preserver (Vaults:2)
  Nessos (D:13)
  2 dire elephants
  A green death (Swamp:4)
  Erolcha (D:12)
  A minotaur (Lab)
  A vault guard (D:14)
  18 hydras
  A centaur warrior (Vaults:2)
  2 spriggan air magi (WizLab)
  A catoblepas (Lair:8)
  An ogre mage (Vaults:2)
  A death knight (D:15)
  17 death yaks
  2 tengu warriors (D:14)
  A deep troll shaman (Lair:8)
  A thrashing horror (Swamp:4)
  A fire crab (Lair:6)
  2 wizards (Vaults:2)
  A spriggan druid (Swamp:4)
  2 unseen horrors
  A sea snake (Vaults:2)
  An ironbrand convoker (Vaults:2)
  A shambling mangrove (Swamp:3)
  2 swamp dragons
  6 hill giants
  An orc knight (Bailey)
  3 wolf spider zombies
  A wolf spider (D:15)
  3 manticores
  An orb spider (Lair:3)
  2 hornets
  2 cyclopes (D:13)
  3 ugly things
  7 elephants
  A naga mage (D:15)
  4 black mambas
  A torpor snail (Lair:7)
  A vault sentinel (Vaults:2)
  12 spiny frogs
  2 orange demons (Swamp:4)
  3 gargoyles
  2 rime drakes
  4 yaktaurs (Vaults:2)
  13 komodo dragons
  A kobold demonologist (D:11)
  2 freezing wraiths
  2 guardian mummies (D:10)
  A queen bee (Lair:4)
  4 trolls
  5 polar bears
  5 wind drakes (WizLab)
  A merfolk (Vaults:2)
  A two-headed ogre (Vaults:2)
  3 giant leeches (Lair:5)
  A two-headed ogre (shapeshifter) (D:15)
  21 blink frogs
  4 bog bodies (Swamp:4)
  A boulder beetle (Lair:8)
  A frost giant simulacrum (Vaults:2)
  Sigmund (D:2)
  20 air elementals (WizLab)
  2 spriggans
  A shadow (Swamp:4)
  32 yaks
  3 redbacks (Vaults:2)
  A water elemental (D:13)
  A wraith (D:15)
  2 vampires (D:14)
  4 basilisks
  A hog (shapeshifter) (Vaults:1)
  7 vampire mosquitoes
  2 hungry ghosts (D:10)
  8 swamp worms
  6 hippogriffs
  2 mottled dragons
  18 insubstantial wisps
  13 water moccasins
  A soldier ant (D:12)
  9 porcupines
  6 swamp drakes
  18 orc warriors
  2 hell hounds (D:10)
  15 ice beasts
  5 sky beasts
  A black bear (D:11)
  16 ogres
  2 phantoms
  5 wasps
  26 centaurs
  16 wolves
  3 boggarts (Vaults:2)
  2 eyes of draining
  8 crocodiles
  6 big kobolds
  17 giant frogs
  A deep troll simulacrum (Vaults:2)
  2 wyvern skeletons
  4 scorpions
  A water moccasin skeleton (D:6)
  9 wights
  34 killer bees
  2 electric eels
  2 howler monkeys (D:10)
  11 crimson imps
  3 centaur zombies
  2 giant frog zombies
  4 jellies
  3 centaur skeletons
  9 orc priests
  4 hounds
  13 iguanas
  7 orc wizards
  9 worker ants
  2 killer bee zombies (D:6)
  12 sheep
  A hound zombie (D:6)
  3 hound skeletons
  A mummy (D:8)
  A worker ant zombie (D:5)
  17 adders
  10 gnolls
  70 river rats
  6 shadow imps
  7 white imps
  6 oozes
  An adder skeleton (D:9)
  3 adder zombies
  A worm (D:3)
  2 dart slugs
  8 giant geckos
  66 orcs
  10 bats
  7 giant cockroaches
  25 goblins
  22 hobgoblins
  A quokka (D:7)
  2 ball pythons
  2 giant gecko skeletons
  A giant gecko zombie (D:8)
  9 giant newts
  2 jackal zombies
  25 kobolds
  5 rats
  3 fungi (Lair:8)
  A plant (Lair:8)
927 creatures vanquished.

Vanquished Creatures (collateral kills)
  A wind drake (WizLab)
  A swamp drake (Swamp:4)
2 creatures vanquished.

Vanquished Creatures (others)
  A hydra (Swamp:4)
  A swamp worm (Swamp:4)
  3 sheep (Lair:5)
  A briar patch (Swamp:3)
  581 eldritch tentacle segments (Vaults:2)
  24 fungi
  10 plants
621 creatures vanquished.

Grand Total: 1550 creatures vanquished

Notes
Turn   | Place    | Note
--------------------------------------------------------------
     0 | D:1      | Chiseanne the Spriggan Assassin began the quest for the Orb.
     0 | D:1      | Reached XP level 1. HP: 10/10 MP: 2/2
   347 | D:1      | Found a glowing golden altar of the Shining One.
   398 | D:1      | Reached skill level 6 in Stealth
   952 | D:2      | Reached XP level 2. HP: 15/15 MP: 3/3
  1114 | D:2      | Reached XP level 3. HP: 13/18 MP: 4/4
  1472 | D:2      | Noticed Sigmund
  1481 | D:2      | Killed Sigmund
  1481 | D:2      | Reached skill level 7 in Stealth
  1481 | D:2      | Reached XP level 4. HP: 23/23 MP: 5/5
  1481 | D:2      | Reached XP level 5. HP: 27/27 MP: 6/6
  1551 | D:2      | Found a sparkling altar of Nemelex Xobeh.
  1617 | D:2      | Reached skill level 8 in Stealth
  2407 | D:2      | Found a glowing silver altar of Zin.
  2408 | D:2      | Found a deep blue altar of Sif Muna.
  2509 | D:3      | Reached XP level 6. HP: 32/32 MP: 7/7
  2663 | D:3      | Found a sparkling altar of Nemelex Xobeh.
  3233 | D:4      | Got a slimy robe
  3252 | D:4      | Identified the +2 robe of Suypiosi {rN++} (You found it on level 4 of the Dungeon)
  3362 | D:4      | Found a staircase to the Ecumenical Temple.
  3376 | Temple   | Entered the Ecumenical Temple
  3586 | D:4      | Reached skill level 9 in Stealth
  4015 | D:4      | Reached skill level 5 in Dodging
  4015 | D:4      | Reached XP level 7. HP: 35/35 MP: 8/8
  4130 | D:5      | Entered Level 5 of the Dungeon
  4282 | D:5      | Got an encrusted falchion
  4612 | D:5      | Reached skill level 10 in Stealth
  5010 | D:6      | Reached XP level 8. HP: 40/40 MP: 9/9
  5036 | D:6      | Found an iron altar of Okawaru.
  5170 | D:6      | Reached skill level 11 in Stealth
  5279 | D:6      | Reached skill level 5 in Throwing
  5518 | D:6      | Reached skill level 12 in Stealth
  5940 | D:6      | Found a shattered altar of Ashenzari.
  6004 | D:6      | Identified the +10 falchion of the Beginning {pain, rElec} (You found it on level 5 of the Dungeon)
  6336 | D:7      | Found an opulent altar of Gozag.
  6347 | D:7      | Became a worshipper of Gozag Ym Sagoz the Greedy
  6506 | D:7      | Found a flagged portal.
  6512 | Bailey   | Entered a bailey
  6586 | Bailey   | Reached XP level 9. HP: 46/46 MP: 10/10
  6864 | Bailey   | Noticed an orc knight
  6904 | Bailey   | Killed an orc knight
  6904 | Bailey   | Reached skill level 13 in Stealth
  7669 | Bailey   | Reached skill level 5 in Short Blades
  7879 | Bailey   | Noticed an orc warlord
  7928 | Bailey   | Noticed an orc knight
  8159 | D:7      | Reached skill level 14 in Stealth
  8227 | D:7      | Found a burning altar of Makhleb.
  8230 | D:7      | Found a stormy altar of Qazlal.
  8240 | D:7      | Found a shadowy altar of Dithmenos.
  8243 | D:7      | Found a sacrificial altar of Ru.
  8723 | D:7      | Reached XP level 10. HP: 51/51 MP: 11/11
  8799 | D:8      | Noticed Chiseanne's ghost (novice SpAs)
  8840 | D:8      | Found a radiant altar of Vehumet.
  9021 | D:8      | Found a shimmering altar of Xom.
  9206 | D:8      | Found a shadowy altar of Dithmenos.
  9233 | D:8      | Found a basalt altar of Yredelemnul.
  9600 | D:8      | Found a snail-covered altar of Cheibriados.
 10518 | D:9      | Found a shattered altar of Ashenzari.
 10812 | D:10     | Entered Level 10 of the Dungeon
 10821 | D:10     | Noticed a gargoyle
 10856 | D:10     | Found a portal to a secret trove of treasure.
 10871 | D:10     | Noticed a hill giant
 11000 | D:10     | Killed a hill giant
 11000 | D:10     | Reached skill level 15 in Stealth
 11071 | D:10     | Found a staircase to the Lair.
 11618 | D:10     | Reached skill level 10 in Dodging
 11761 | D:10     | Noticed a reaper
 12003 | D:8      | Bought a glowing hunting sling for 60 gold pieces
 12003 | D:8      | Bought a runed blowgun for 100 gold pieces
 12188 | D:11     | Noticed a white ugly thing
 12242 | D:11     | Killed a white ugly thing
 12242 | D:11     | Reached skill level 16 in Stealth
 12242 | D:11     | Reached XP level 11. HP: 34/54 MP: 12/12
 12516 | D:11     | Noticed an unseen horror
 12518 | D:11     | Killed an unseen horror
 12521 | D:11     | Noticed a hill giant
 12526 | D:11     | Found a sparkling altar of Nemelex Xobeh.
 12544 | D:11     | Killed a hill giant
 12622 | D:11     | Found a staircase to the Orcish Mines.
 13490 | D:12     | Noticed a red ugly thing
 13497 | D:12     | Killed a red ugly thing
 13784 | D:12     | Reached skill level 1 in Slings
 13855 | D:12     | Bought a +1 cloak of poison resistance for 162 gold pieces
 14421 | D:12     | Reached skill level 17 in Stealth
 14466 | D:12     | Noticed Erolcha
 14468 | D:12     | Killed Erolcha
 14918 | D:12     | Reached skill level 10 in Short Blades
 15037 | D:12     | Noticed a four-headed hydra
 15058 | D:12     | Killed a four-headed hydra
 15058 | D:12     | Reached skill level 1 in Long Blades
 15236 | D:13     | Noticed Nessos
 15243 | D:13     | Noticed an eight-headed hydra
 15244 | D:13     | Killed Nessos
 15244 | D:13     | Reached skill level 5 in Slings
 15244 | D:13     | Reached XP level 12. HP: 58/58 MP: 13/13
 15249 | D:13     | Noticed a four-headed hydra
 15265 | D:13     | Noticed Maud
 15352 | D:13     | Killed Maud
 15630 | D:13     | Reached skill level 18 in Stealth
 16957 | D:13     | Bought a scroll of acquirement for 572 gold pieces
 16961 | D:13     | Bought a scroll of holy word for 82 gold pieces
 16961 | D:13     | Bought a scroll of fog for 22 gold pieces
 16961 | D:13     | Bought a scroll of identify for 22 gold pieces
 16961 | D:13     | Bought 2 scrolls of enchant weapon for 165 gold pieces
 16961 | D:13     | Bought a scroll of magic mapping for 38 gold pieces
 17043 | D:13     | Killed an eight-headed hydra
 17434 | D:13     | wingboner: ,,,^..^,,,
 17437 | D:13     | Chiseanne: hey :)
 17437 | D:13     | Chiseanne: how are you today?
 17452 | D:13     | wingboner: Azrael's hot.
 17454 | D:13     | Chiseanne: nay..dont have rF
 17456 | D:13     | Chiseanne: and yeah hes hot ;-)
 17479 | D:14     | wingboner: I'm a bit disappointed: mi key doesn't seem to have a working app for android 6+.
 17485 | D:14     | Chiseanne: I dont know what you are talking about, sry
 17485 | D:14     | Chiseanne: mi key? whats that?
 17486 | D:14     | Found a labyrinth entrance.
 17497 | Lab      | Entered a labyrinth
 17576 | Lab      | Noticed a minotaur
 17587 | Lab      | Killed a minotaur
 17604 | Lab      | wingboner: Basically, it's an additional button for your phone. Occupies the headphones slot, you can make it trigger lots of useful actions, from flashlight and camera to launching any app or unlocking the phone... If your OS version is compatible.
 17606 | D:14     | Chiseanne: ah ok didnt know that one
 17606 | D:14     | wingboner: http://www.gizchina.com/wp-content/uploads/images/MI-Key-1.png
 17606 | D:14     | Chiseanne: yeah well thats stupid then..they will probably deliver it at some point later on
 17606 | D:14     | Chiseanne: looks neat
 17606 | D:14     | wingboner: Maybe. I'll probably gift it to my mother. She's using my old phone, that one should be compatible.
 17606 | D:14     | Chiseanne: ah to make it esier for her to launch stuff I guess
 17606 | D:14     | Chiseanne: good idea
 17635 | D:14     | wingboner: Mostly launching the flashlight without unlocking.
 17656 | D:14     | Killed a four-headed hydra
 17679 | D:14     | Noticed a tengu warrior
 17687 | D:14     | Killed a tengu warrior
 17695 | D:14     | Chiseanne: I have an alternate system were you can assign apps or actions to the buttons of the phone
 17695 | D:14     | Chiseanne: like pressing the start button twice starts the camera for example
 17779 | D:13     | Chiseanne: flashlight on smartphone : great stuff..I dont want to miss it agai
 17779 | D:13     | wingboner: Yeah, I've got xposed for that. While the phone's locked long pressing the power button lights up the flashlight, another press turns it off. Double press starts the camera app.
 17779 | D:13     | Chiseanne: cool
 17853 | D:13     | wingboner: But that button would've been handy anyway.
 18006 | D:10     | You fall through a shaft for 2 floors!
 18109 | D:10     | wingboner: Yep. I love the ever increasing amount of input and output options on modern smartphones.
 18109 | D:10     | Chiseanne: off to lair and lets make good money ;-)
 18109 | D:10     | wingboner: Fingerprint unlocking is extremely convenient.
 18109 | D:10     | wingboner: Being able to call your remote if you lose it — everyone dreamt of that in the 90s.
 18109 | D:10     | Chiseanne: srsly I only use alarm clock, flashlight and calendar once in a while lol
 18131 | Lair:1   | Entered Level 1 of the Lair of Beasts
 18232 | Lair:1   | Reached skill level 5 in Long Blades
 18232 | Lair:1   | Reached XP level 13. HP: 31/63 MP: 14/14
 18418 | Lair:1   | wingboner: I use my phone as my primary computer.
 18427 | Lair:1   | Chiseanne: oh
 18427 | Lair:1   | Chiseanne: playing this must be quite akward then
 18427 | Lair:1   | wingboner: Nope. Bluetooth keyboard => go go go!
 18427 | Lair:1   | Chiseanne: I had the dungeon crawl app once and found it unusable
 18427 | Lair:1   | Chiseanne: ok thats cool
 18433 | Lair:1   | Chiseanne: using just the phone as input device made playing this almost impossible
 18488 | Lair:1   | wingboner: Well yeah, it's possible (if you use a touch version), but ugly.
 18488 | Lair:1   | Chiseanne: I cant wait for augmented reality to become normal
 18488 | Lair:1   | Chiseanne: absolutely
 18488 | Lair:1   | Chiseanne: Id rather not play anymore
 18642 | Lair:1   | Reached skill level 19 in Stealth
 18772 | Lair:1   | wingboner: I'm still waiting for this to arrive: https://www.aliexpress.com/item/FiiT-VR-2S-Virtual-Reality-VR-Glasses-Mobile-Phone-3D-Video-Movie-Helmet-Cardboard-2-for/32657663043.html
 18907 | Lair:1   | wingboner: Just installed a camera app that can capture 3d photos, but can only view them in 2d mode till I get that shipment...
 18907 | Lair:1   | Chiseanne: nice..I wish I could afford a real 3D system..would be kinda cool to play Eilte dangerous on it
 18907 | Lair:1   | Chiseanne: or whatever cool apps may come out in the future
 19404 | Lair:2   | Chiseanne: ok its 1 am ..need to go to sleep
 19404 | Lair:2   | wingboner: Well, I'm going to test this one, if I like it or not. People who've been using it with my phone model are praising it a lot... For gaming too. We'll see if it lives up to the hype.
 19404 | Lair:2   | wingboner: Good night!
 19404 | Lair:2   | Chiseanne: for 11 bucks I would try it for sure :) ..ok good night
 20797 | Lair:3   | Noticed Gastronok
 21038 | Lair:3   | Killed Gastronok
 21240 | D:13     | Bought 2 scrolls of acquirement for 1144 gold pieces
 21255 | D:13     | Bought the +9 rapier of the Valley of Death {flame, +Fly MR- Dex+3} for 824 gold pieces
 22379 | Lair:5   | Found a shimmering altar of Xom.
 22478 | Lair:5   | Reached skill level 20 in Stealth
 23031 | Lair:5   | Reached skill level 10 in Slings
 23842 | Lair:5   | Got a transparent granite ring
 23847 | Lair:5   | Identified the ring "Rioloosk" {SustAt MR+} (You found it on level 5 of the Lair of Beasts)
 23930 | Lair:5   | Reached XP level 14. HP: 62/67 MP: 13/15
 23959 | Lair:5   | Found a staircase to the Swamp.
 23975 | Lair:5   | Reached skill level 15 in Dodging
 24834 | Lair:6   | Found a staircase to the Slime Pits.
 25107 | Lair:7   | Reached skill level 21 in Stealth
 25181 | Lair:7   | Found a radiant altar of Vehumet.
 25586 | Lair:8   | Entered Level 8 of the Lair of Beasts
 27393 | Lair:8   | Reached skill level 22 in Stealth
 28567 | Lair:3   | Found a hole to the Spider Nest.
 29421 | D:10     | Bought a scorched long sword for 348 gold pieces
 29422 | D:10     | Identified the +9 long sword of the Unliving {freeze, rElec rPois Str+5 Stlth+} (You bought it in a shop on level 10 of the Dungeon)
 29517 | D:13     | Bought a brightly glowing falchion for 256 gold pieces
 29517 | D:13     | Bought a crystal short sword for 256 gold pieces
 29520 | D:13     | Identified the +9 falchion of the Inferno {slice, rF++ SInv} (You bought it in a shop on level 13 of the Dungeon)
 29524 | D:13     | Identified the +4 short sword of Havoc {flame, Str+3} (You bought it in a shop on level 13 of the Dungeon)
 29585 | D:14     | Reached XP level 15. HP: 70/70 MP: 16/16
 29875 | D:14     | Found Yhadesh's Distillery.
 29878 | D:14     | Bought a potion of mutation for 42 gold pieces
 29878 | D:14     | Bought a potion of resistance for 170 gold pieces
 29887 | D:14     | Bought a potion of heal wounds for 85 gold pieces
 30778 | D:14     | Found a gate to the Vaults.
 30933 | D:15     | Entered Level 15 of the Dungeon
 32039 | D:14     | Reached skill level 23 in Stealth
 32125 | D:15     | Found a staircase to the Depths.
 32183 | D:15     | Gained mutation: Your flesh is cold resistant. [potion of beneficial mutation]
 32184 | D:15     | Gained mutation: You are partially covered in slimy green scales (AC +2). [potion of beneficial mutation]
 32206 | D:15     | Got a translucent bone ring
 32679 | D:15     | Identified the ring of Temptation {Ice +Fly rElec Int+4 Dex+2} (You took it off an orc warrior on level 15 of the Dungeon)
 33413 | Swamp:1  | Entered Level 1 of the Swamp
 33886 | Swamp:2  | Noticed Roxanne
 34172 | Swamp:4  | Entered Level 4 of the Swamp
 34424 | Swamp:4  | Noticed beardedkeet's ghost (journeyman MiBe)
 35609 | Swamp:3  | Noticed a thorn hunter
 36029 | Swamp:4  | Noticed a tentacled monstrosity
 36311 | Swamp:3  | HP: 2/70 [shambling mangrove (18)]
 36733 | Swamp:4  | Got a decaying rune of Zot
 37398 | Vaults:1 | Entered Level 1 of the Vaults
 37439 | Vaults:1 | Found Founyuh's General Store.
 37444 | Vaults:1 | Bought a scroll of identify for 26 gold pieces
 37444 | Vaults:1 | Bought a scroll of enchant weapon for 97 gold pieces
 37444 | Vaults:1 | Bought a potion of might for 52 gold pieces
 37454 | Vaults:1 | Found a magical portal.
 37463 | WizLab   | Entered The Chambers of Papeofaz the Cloud Mage
 38048 | WizLab   | Reached skill level 24 in Stealth
 38058 | WizLab   | Noticed Papeofaz
 38116 | WizLab   | Killed Papeofaz the Cloud Mage
 38116 | WizLab   | Reached XP level 16. HP: 42/75 MP: 10/17
 38291 | WizLab   | Identified Xosmucy's Compendium of Feathers
 38332 | WizLab   | Identified the Papyrus of the Forgotten Places (You found it in a wizard's laboratory)
 39613 | Vaults:2 | Noticed a sphinx
 40377 | Vaults:2 | Paralysed by a great orb of eyes for 5 turns
 40381 | Vaults:2 | Slain by a great orb of eyes

Skill      XL: |  1  2  3  4  5  6  7  8  9 10 11 12 13 14 15 16 |
---------------+-------------------------------------------------+-----
Dodging        | 2 4 5 6 7 8 10 11 12 14 17 19 20 | 20.0
Stealth        | 6 7 8 9 10 12 14 16 17 18 20 22 24 | 24.5
Fighting       | 2 3 4 |  4.4
Throwing       | 3 4 5 6 7 |  7.8
Short Blades   | 6 8 10 | 10.0
Slings         | 5 8 10 11 13 | 13.4
Long Blades    | 1 5 6 |  6.0

Action                   |  1- 3 |  4- 6 |  7- 9 | 10-12 | 13-15 | 16-18 || total
-------------------------+-------+-------+-------+-------+-------+-------++-------
Melee: Dagger            |    37 |   135 |       |       |       |       ||   172
       Short sword       |       |    42 |   332 |   604 |  1438 |   155 ||  2571
       Falchion          |       |       |   150 |   237 |    40 |       ||   427
       Rapier            |       |       |       |       |   426 |    85 ||   511
       Long sword        |       |       |       |       |    14 |     2 ||    16
 Fire: Blowgun           |    17 |     1 |   108 |    50 |   122 |       ||   298
       Hunting sling     |       |       |       |   124 |   414 |       ||   538
Throw: Tomahawk          |       |       |     2 |       |       |       ||     2
       Stone             |       |       |     4 |     2 |       |       ||     6
       Throwing net      |       |       |       |       |     1 |       ||     1
Invok: Call Merchant     |       |       |       |     3 |     6 |       ||     9
Evoke: Wand              |       |       |     4 |    17 |    29 |     3 ||    53
       Lamp of fire      |       |       |       |       |     3 |       ||     3
       Stone of tremors  |       |       |       |       |     2 |       ||     2
  Use: Scroll            |     3 |     5 |     8 |    17 |    34 |     5 ||    72
       Potion            |       |       |       |    11 |    15 |     2 ||    28
 Stab: Sleeping          |     7 |    37 |    25 |    63 |   119 |     9 ||   260
       Distracted        |       |     1 |     3 |    14 |    44 |     5 ||    67
       Invisible         |       |       |       |     2 |     7 |       ||     9
       Held in net/web   |       |       |       |       |     2 |       ||     2
       Paralysed         |       |       |       |       |     1 |     1 ||     2
  Eat: Royal jelly       |       |     1 |       |     4 |     6 |     3 ||    14
       Bread ration      |       |       |     1 |       |       |       ||     1
       Fruit             |       |       |       |     5 |     4 |       ||     9
       Pizza             |       |       |       |       |     2 |       ||     2
Armor: Robe              |     3 |    11 |    27 |    42 |    84 |    14 ||   181
Dodge: Dodged            |    29 |    96 |   320 |   590 |  1706 |   230 ||  2971
Block: Other             |       |       |       |     7 |    32 |       ||    39
       Reflection        |       |       |       |     1 |       |       ||     1
